 Dungeon Crawl Stone Soup version 0.29-a0-973-gac7da5f7f0 (webtiles) character file.

Game seed: 8642667021499241532

242 frimble the Grave Robber (level 5, -6/35 HPs)
             Began as a Demonspawn Necromancer on July 31, 2022.
             Mangled by a killer bee (7 damage)
             ... on level 6 of the Dungeon.
             The game lasted 00:02:46 (3111 turns).

frimble the Grave Robber (Demonspawn Necromancer)   Turns: 3111, Time: 00:02:47

Health: -6/35      AC:  3    Str:  8    XL:     5   Next: 82%
Magic:  7/8        EV: 12    Int: 19    God:
Gold:   125        SH:  0    Dex: 18    Spells: 7/8 levels left

rFire   . . .      SeeInvis .   k - +8 mace of Capital Punishment {flame, rPois rCorr Int+2 Dex+3}
rCold   . . .      Faith    .   (no shield)
rNeg    . . .      Spirit   .   a - +0 robe
rPois   +          Reflect  .   (no helmet)
rElec   .          Harm     .   (no cloak)
rCorr   +          Rampage  .   (no gloves)
Will    .....                   l - +0 pair of boots
Stlth   +.........              (no amulet)
HPRegen 0.11/turn               (no ring)
MPRegen 0.22/turn               (no ring)

@: confused, about to teleport, ambrosia-drunk
A: magic regeneration
a: no special abilities


You were on level 6 of the Dungeon.
You visited 1 branch of the dungeon, and saw 5 of its levels.

You collected 125 gold pieces.

Inventory:

Hand Weapons
 c - a +0 rapier
 k - the +8 mace of Capital Punishment (weapon) {flame, rPois rCorr Int+2 Dex+3}
   (You found it on level 2 of the Dungeon)

   It burns those it strikes, dealing additional fire damage.
   Int:       It affects your intelligence (+2).
   Dex:       It affects your dexterity (+3).
   rPois:     It protects you from poison.
   rCorr:     It protects you from acid and corrosion.
 q - a +1 short sword of venom
Armour
 a - a +0 robe (worn)
 e - a +0 buckler
 l - a +0 pair of boots (worn)
Wands
 m - a wand of flame (26)
Scrolls
 d - 2 scrolls of teleportation
 f - 3 scrolls of identify {unknown}
 g - a scroll of vulnerability {unknown}
 i - a scroll of fear {unknown}
 n - a scroll of noise {unknown}
Potions
 b - a potion of magic
 h - a potion of ambrosia
 j - 3 potions of curing {unknown}
 o - a potion of brilliance {unknown}
 p - a potion of degeneration {unknown}
 r - 2 potions of invisibility {unknown}


   Skills:
 + Level 2.6 Short Blades
 - Level 2.1 Maces & Flails
 - Level 1.7 Dodging
 - Level 1.7 Stealth
 + Level 3.2 Shields
 - Level 2.0 Spellcasting
 - Level 4.6 Necromancy


You had 7 spell levels left.
You knew the following spells:

 Your Spells              Type           Power      Damage    Failure   Level
a - Necrotise             Necr           76%        1d7       2%          1

Your spell library contained the following spells:

 Spells                   Type           Power      Damage    Failure   Level
 Vampiric Draining        Necr           19%        2d7       8%          3
 Animate Dead             Necr           19%        N/A       24%         4
 Ensorcelled Hibernation  Hex/Ice        2%         N/A       26%         2
 Frozen Ramparts          Ice            2%         1d2       45%         3
 Spider Form              Tmut/Pois      1%         N/A       45%         3
 Stone Arrow              Conj/Erth      2%         3d7       45%         3
 Anguish                  Hex/Necr       5%         N/A       54%         4
 Agony                    Necr           19%        N/A       56%         5
 Animate Armour           Summ/Erth      2%         N/A       86%         4
 Ice Form                 Ice/Tmut       1%         N/A       86%         4
 Summon Ice Beast         Ice/Summ       1%         N/A       86%         4
 Lehudib's Crystal Spear  Conj/Erth      0%         10d2      100%        8


Dungeon Overview and Level Annotations

Branches:
Dungeon (4/15)
 Temple: D:4-7

Altars:

Annotations:
D:2 Sigmund


Innate Abilities, Weirdness & Mutations

You regenerate magic rapidly.


Message History

Aim: a killer bee (wandering, hasn't noticed you, chance to affect: 84%)
The killer bee buzzes angrily.
The killer bee writhes in agony.
A killer bee comes into view.
The killer bee stings you.
Casting: Necrotise (safe; 2% risk of failure)
Confirm with . or Enter, or press ? or * to list all spells.
Aiming: Necrotise (safe; 2% risk of failure)
Press: ? - help, Shift-Dir - straight line, f/p - killer bee
Aim: a killer bee (moderately wounded, chance to affect: 84%)
The killer bee barely resists.
The killer bee buzzes angrily.
The killer bee misses you.
A killer bee comes into view.
The killer bee completely misses you.
Casting: Necrotise (safe; 2% risk of failure)
Confirm with . or Enter, or press ? or * to list all spells.
Aiming: Necrotise (safe; 2% risk of failure)
Press: ? - help, Shift-Dir - straight line, f/p - killer bee
Aim: a killer bee (moderately wounded, chance to affect: 84%)
The killer bee writhes in agony.
The killer bee buzzes angrily.
The killer bee stings you! The killer bee stings you.
* * * LOW HITPOINT WARNING * * *
Okay, then.
As you read the scroll labelled OTUDO KIL MEC, it crumbles to dust.
You feel strangely unstable.
It was a scroll of teleportation.
The killer bee stings you.
* * * LOW HITPOINT WARNING * * *
The killer bee stings you!
* * * LOW HITPOINT WARNING * * *
It was a potion of ambrosia.
You are confused.
You feel invigorated. The killer bee stings you.
* * * LOW HITPOINT WARNING * * *
The killer bee stings you.
* * * LOW HITPOINT WARNING * * *
The killer bee barely misses you. The killer bee closely misses you.
The killer bee stings you!
You die...

...#.#.#.#
.....#.#.#
..(.#.#.#
#.#.#.#.#
#.#.#.#.#
#.......# #
.#####.......#.#
................#
.#######..y@y.###
##)#y#...#
#.#.#.#.#
#.#.#.#.# ..#†#.#
# ###.#
..y.......#
#####...###
.....#


You could see 3 killer bees.

Vanquished Creatures
  A phantom (D:6)
  A scorpion (D:3)
  A killer bee (D:6)
  An adder (D:3)
  An ufetubus (D:4)
  A worm (D:3)
  A dart slug (D:3)
  An orc (D:3)
  8 bats
  An endoplasm (D:4)
  2 giant cockroaches (D:3)
  5 hobgoblins
  A quokka (D:1)
  3 ball pythons
  A frilled lizard (D:1)
  8 goblins
  7 kobolds
  3 rats
47 creatures vanquished.

Vanquished Creatures (collateral kills)
  An endoplasm (D:1)
  A kobold (D:1)
  A rat (D:3)
3 creatures vanquished.

Grand Total: 50 creatures vanquished

Notes
Turn   | Place    | Note
-------+----------+-------------------------------------------
     0 | D:1      | frimble the Demonspawn Necromancer began the quest for the
                  | Orb.
     0 | D:1      | Reached XP level 1. HP: 13/13 MP: 3/3
   356 | D:1      | Reached skill level 1 in Short Blades
   356 | D:1      | Gained mutation: You regenerate magic rapidly. [demonic
                  | ancestry]
   356 | D:1      | Reached XP level 2. HP: 19/19 MP: 5/5
  1363 | D:2      | Identified the +8 mace of Capital Punishment {flame, rPois
                  | rCorr Int+2 Dex+3}
  1370 | D:2      | Noticed Sigmund
  1404 | D:3      | Reached skill level 1 in Shields
  1630 | D:3      | Reached XP level 3. HP: 20/24 MP: 6/6
  1791 | D:3      | Reached skill level 1 in Maces & Flails
  2130 | D:3      | Noticed a scorpion
  2135 | D:3      | Killed a scorpion
  2136 | D:3      | Reached XP level 4. HP: 28/30 MP: 7/7
  3036 | D:4      | You fall into a shaft and drop 2 floors!
  3037 | D:6      | Noticed a phantom
  3041 | D:6      | Killed a phantom
  3042 | D:6      | Reached XP level 5. HP: 30/35 MP: 8/8
  3111 | D:6      | HP: 1/35 [killer bee (2)]
  3111 | D:6      | Mangled by a killer bee

Illustrated notes

Levels and vault maps discovered:
D:1:      sevenhm_arrival_forest_fort_large_3, layout_basic,
          grunt_decor_resistance
D:2:      layout_loops_cross, uniq_sigmund
D:3:      layout_rooms, roderic_lattice_a, chequers_serial_rivers_marsh,
          minmay_misc_feat_diagonals
D:4:      layout_rooms, gammafunk_temple_overflow_pools, minivault_27
D:6:      layout_basic

Skill      XL: |  1  2  3  4 |
---------------+-------------+-----
Short Blades   | 1 2 |  2.6
Shields        | 1 2 3 |  3.2
Maces & Flails | 2 |  2.1
Dodging        | |  1.7
Stealth        | |  1.7
Spellcasting   | |  2.0
Necromancy     | |  4.6

Action                   |  1- 3 |  4- 6 || total
-------------------------+-------+-------++-------
Melee: Rapier            |    29 |       ||    29
       Mace              |    30 |    19 ||    49
       Punch             |     1 |       ||     1
 Cast: Necrotise         |    15 |    10 ||    25
  Use: Scroll            |       |     1 ||     1
       Potion            |       |     1 ||     1
 Stab: Sleeping          |     7 |     2 ||     9
Armor: Robe              |    22 |     3 ||    25
Dodge: Dodged            |    44 |    14 ||    58

Table legend: (Time is in decaauts)
 A = Elapsed time spent in this place.
 B = Non-inter-level travel time spent in this place.
 C = Inter-level travel time spent in this place.
 D = Time resting spent in this place.
 E = Time spent auto-exploring this place.
 F = Levels seen in this place.
 G = Mean time per level.
                   A        B        C        D        E       F      G
               +--------+--------+--------+--------+--------+-----+--------+
         Total |   3133 |   3022 |    111 |    160 |   2487 |   5 |  626.6 |
       Dungeon |   3133 |   3022 |    111 |    160 |   2487 |   5 |  626.6 |
               +--------+--------+--------+--------+--------+-----+--------+

Top non-repeatable levels by time:
     D:3: 1618 daAuts
     D:1: 1280 daAuts
     D:2: 116 daAuts
     D:6: 75 daAuts
     D:4: 42 daAuts
